[Event "Titled Tuesday Blitz May 16 Late 2023"]
[White "Tang, Andrew"]
[Black "Levitskiy, Andrey"]
[WhiteFideId "2059630"]
[BlackFideId "14132885"]
[WhiteElo "2596"]
[BlackElo "2347"]
[Result "1-0"]
[Round "02"]
[TimeControl "180+2"]
[Date "2023.05.16"]
[WhiteClock "0:00:44"]
[BlackClock "0:00:00"]

1. d4 Nf6 2. c4 e6 3. Nc3 Bb4 4. Qc2 d6 5. Nf3 Nbd7 6. g3 O-O 7. Bg2 Qe7 8. O-O Bxc3 9. Qxc3 a5 10. b3 Re8 11. Bb2 e5 12. dxe5 dxe5 13. Rfd1 c6 14. h3 h6 15. Qe3 a4 16. Bc3 axb3 17. axb3 Rxa1 18. Rxa1 Qc5 19. Qxc5 Nxc5 20. b4 Ncd7 21. Ra5 e4 22. Nd4 Nb6 23. c5 Nbd5 24. Be1 Bd7 25. b5 cxb5 26. Nxb5 Bxb5 27. Rxb5 Rc8 28. e3 Kf8 29. Bd2 Ke7 30. Rxb7+ Ke6 31. Rb5 Kd7 32. Ra5 Rc7 33. Bf1 Ke6 34. Bc4 Nd7 35. Ra6+ Ke5 36. Bc1 Nxc5 37. Bb2+ Kf5 38. Ra5 Nb6 39. Bxf7 Na4 40. g4+ Kg5 41. Bd4 Rxf7 42. Bxc5 1-0


[Site "https://www.chess.com"]

[Event "Titled Tuesday Blitz May 16 Late 2023"]
[White "Melikyan, Gnel"]
[Black "Zakhartsov, Vladimir"]
[WhiteFideId "54109990"]
[BlackFideId "4145097"]
[WhiteElo "2138"]
[BlackElo "2495"]
[Result "0-1"]
[Round "02"]
[TimeControl "180+2"]
[Date "2023.05.16"]
[WhiteClock "0:00:10"]
[BlackClock "0:00:41"]

1. e4 c5 2. Nf3 d6 3. d4 cxd4 4. Nxd4 Nf6 5. Nc3 g6 6. Be3 Bg7 7. f3 Nc6 8. Qd2 O-O 9. g4 Be6 10. Nxe6 fxe6 11. O-O-O Ne5 12. Be2 Qc8 13. h4 Nc4 14. Bxc4 Qxc4 15. h5 Nd7 16. f4 Bxc3 17. Qxc3 Qxc3 18. bxc3 Nf6 19. hxg6 hxg6 20. Rh6 Kf7 21. Bd4 Nxg4 22. Rh7+ Ke8 23. Rg1 Nf6 24. Bxf6 Rxf6 25. Rh8+ Rf8 26. Rxf8+ Kxf8 27. Rxg6 Kf7 28. Rh6 Rg8 29. Rh7+ Ke8 30. Rh4 Rg2 31. Kd1 Rf2 32. Rh8+ Kd7 33. Rf8 e5 34. f5 Rf4 35. Rb8 Kc6 36. Rc8+ Kb6 37. Re8 Rxe4 38. Rxe7 Rf4 39. Rf7 Kc6 40. f6 a5 41. Ke2 b5 42. Ke3 a4 43. Rf8 Kd5 44. Rb8 Rxf6 45. Rxb5+ Kc4 46. Rb4+ Kxc3 47. Rxa4 Kxc2 48. Ra6 Kc3 49. Rc6+ Kb4 50. Ke4 d5+ 51. Kxe5 Rxc6 0-1


[Site "https://www.chess.com"]

[Event "Titled Tuesday Blitz May 16 Late 2023"]
[White "Camilla_Lee"]
[Black "Antipov, Mikhail Al."]
[BlackFideId "4107012"]
[WhiteElo "2614"]
[BlackElo "2513"]
[Result "1-0"]
[Round "02"]
[TimeControl "180+2"]
[Date "2023.05.16"]
[WhiteClock "0:00:04"]
[BlackClock "0:00:00"]

1. e4 c5 2. Nf3 e6 3. d4 cxd4 4. Nxd4 a6 5. Bd3 Qc7 6. Be3 Nf6 7. h3 b6 8. a3 Bb7 9. Nc3 d6 10. Qd2 Nbd7 11. f3 h6 12. O-O g5 13. Nce2 Be7 14. c4 Ne5 15. Rac1 Rg8 16. b3 h5 17. Nc3 g4 18. hxg4 hxg4 19. f4 Nf3+ 20. Nxf3 gxf3 21. Rxf3 Ng4 22. Nd5 exd5 23. cxd5 Qd8 24. Bd4 Rc8 25. Rxc8 Qxc8 26. Bxb6 Bf6 27. Bc4 Kf8 28. Bd4 Qe8 29. e5 Be7 30. Rh3 f5 31. e6 Nf6 32. Rh6 Ne4 33. Qe1 Qa8 34. Qe2 Ke8 35. Qh5+ Kd8 36. Bb6+ Kc8 37. Qf7 1-0


[Site "https://www.chess.com"]

[Event "Titled Tuesday Blitz May 16 Late 2023"]
[White "Pichot, Alan"]
[Black "Eugene, Floryan"]
[WhiteFideId "110973"]
[BlackFideId "20694784"]
[WhiteElo "2573"]
[BlackElo "2369"]
[Result "1-0"]
[Round "02"]
[TimeControl "180+2"]
[Date "2023.05.16"]
[WhiteClock "0:00:54"]
[BlackClock "0:00:20"]

1. e4 d5 2. exd5 Nf6 3. d4 Nxd5 4. Nf3 g6 5. Bc4 Nb6 6. Bb3 Bg7 7. h3 O-O 8. O-O Nc6 9. c3 e5 10. Bg5 Qe8 11. Re1 Be6 12. d5 Nxd5 13. Bxd5 Bd7 14. Nbd2 h6 15. Be3 Kh7 16. Ne4 f5 17. Nc5 Bc8 18. Qb3 Na5 19. Qb4 Nc6 20. Qh4 f4 21. Bxf4 Rxf4 22. Qxf4 Qd8 23. Qf7 Bf5 24. Rad1 Qc8 25. Be6 Nd8 26. Qg8# 1-0


[Site "https://www.chess.com"]

[Event "Titled Tuesday Blitz May 16 Late 2023"]
[White "Babazada, Khazar"]
[Black "Spata, German"]
[WhiteFideId "13413554"]
[BlackFideId "113026"]
[WhiteElo "2351"]
[BlackElo "2260"]
[Result "1-0"]
[Round "02"]
[TimeControl "180+2"]
[Date "2023.05.16"]
[WhiteClock "0:00:21"]
[BlackClock "0:00:00"]

1. e4 e6 2. d4 d5 3. Nc3 dxe4 4. Nxe4 Bd7 5. Bd3 Bc6 6. Nf3 Nd7 7. Qe2 Ngf6 8. c3 Nxe4 9. Bxe4 Bxe4 10. Qxe4 c6 11. O-O Be7 12. a4 O-O 13. a5 a6 14. Bf4 Nf6 15. Qe2 Qd5 16. Ne5 Qe4 17. Qxe4 Nxe4 18. Nc4 Rad8 19. f3 Nd6 20. Bxd6 Bxd6 21. Nxd6 Rxd6 22. Ra4 Rd5 23. Re1 Rb5 24. b4 Rd8 25. Ra2 Rbd5 26. Rae2 g6 27. Kf2 Kg7 28. f4 h5 29. Kf3 Kf6 30. g3 Rh8 31. h3 Rh7 32. Re5 Rh8 33. Ke4 Rdd8 34. Kd3 Rd5 35. Kc4 Rhd8 36. R1e3 R8d7 37. g4 hxg4 38. hxg4 Rd8 39. g5+ Ke7 40. Rh3 Kd6 41. Rh7 Rf8 42. Rg7 Rb5 43. Rc5 Rxc5+ 44. bxc5+ Ke7 45. Rh7 Rd8 46. Kd3 Rf8 47. Ke4 Rd8 48. c4 Rc8 49. Ke5 Rd8 50. Rh1 Rc8 51. Rc1 Rd8 52. Rc2 Rd7 53. Rb2 Rc7 54. Rh2 Rc8 55. Rh7 Rd8 56. f5 exf5 57. d5 Rf8 58. Rg7 cxd5 59. cxd5 Rc8 60. d6+ Kf8 61. Kf6 Rxc5 62. Rxf7+ Ke8 63. Rxb7 Rc1 64. Kxg6 f4 65. Kf6 f3 66. Rb2 Kd7 67. Rd2 Re1 68. g6 Re2 69. Rd1 f2 70. Rf1 Re6+ 71. Kf7 Kxd6 72. g7 Re7+ 73. Kf8 Rxg7 74. Kxg7 Kc5 75. Rxf2 Kb5 76. Rf5+ 1-0


[Site "https://www.chess.com"]

[Event "Titled Tuesday Blitz May 16 Late 2023"]
[White "Durarbayli, Vasif"]
[Black "Tomiello, Lucas Costamilan"]
[WhiteFideId "13402935"]
[BlackFideId "22701940"]
[WhiteElo "2551"]
[BlackElo "2085"]
[Result "1-0"]
[Round "02"]
[TimeControl "180+2"]
[Date "2023.05.16"]
[WhiteClock "0:00:56"]
[BlackClock "0:00:18"]

1. e4 c5 2. Nf3 Nc6 3. d4 cxd4 4. Nxd4 Nf6 5. Nc3 e5 6. Ndb5 d6 7. Bg5 a6 8. Na3 b5 9. Nd5 Be7 10. Bxf6 Bxf6 11. c4 b4 12. Nc2 a5 13. Qf3 Be6 14. Rd1 Bg5 15. h4 Bh6 16. g4 Bf4 17. Nxf4 exf4 18. Qxf4 O-O 19. Rxd6 Qc7 20. Qg3 a4 21. b3 axb3 22. axb3 Ra2 23. Bd3 Na5 24. O-O Qc5 25. Rb1 h5 26. gxh5 Qxh5 27. Nxb4 Rd2 28. Nd5 Rd1+ 29. Rxd1 Qxd1+ 30. Bf1 Bxd5 31. Rxd5 Qe1 32. Rg5 1-0


[Site "https://www.chess.com"]

[Event "Titled Tuesday Blitz May 16 Late 2023"]
[White "Tarlabasi, Emirhan"]
[Black "Bortnyk, Mykola"]
[WhiteFideId "6350275"]
[BlackFideId "14120836"]
[WhiteElo "2200"]
[BlackElo "2582"]
[Result "0-1"]
[Round "02"]
[TimeControl "180+2"]
[Date "2023.05.16"]
[WhiteClock "0:00:00"]
[BlackClock "0:00:23"]

1. d4 Nf6 2. c4 e6 3. Nc3 Bb4 4. e3 O-O 5. Nf3 d5 6. Bd3 Re8 7. O-O b6 8. cxd5 exd5 9. Ne5 c5 10. f4 Ba6 11. Bxa6 Nxa6 12. Qa4 Nc7 13. Nc6 Qd7 14. Nxb4 Qxa4 15. Nxa4 cxb4 16. Bd2 Rab8 17. Rac1 Nb5 18. Rfe1 a5 19. Rc6 Ne4 20. Bc1 Re6 21. Rc2 g6 22. Kf1 h5 23. a3 b3 24. Rce2 Rc8 25. Bd2 Rc2 26. Rd1 Rec6 27. Be1 R2c4 28. Nxb6 Rxb6 29. Bxa5 Rbc6 30. Rd3 Rc1+ 31. Be1 R6c2 32. a4 Nbd6 33. a5 Ra1 34. Rxb3 Nd2+ 35. Kf2 N6e4+ 36. Kg1 Nxb3 0-1


[Site "https://www.chess.com"]

[Event "Titled Tuesday Blitz May 16 Late 2023"]
[White "Baskakov, Egor"]
[Black "Kim, Sergey"]
[WhiteFideId "24197866"]
[BlackFideId "13700570"]
[WhiteElo "2225"]
[BlackElo "2605"]
[Result "1/2-1/2"]
[Round "02"]
[TimeControl "180+2"]
[Date "2023.05.16"]
[WhiteClock "0:00:59"]
[BlackClock "0:00:37"]

1. e4 e5 2. Nc3 Nf6 3. g3 g6 4. Bg2 Bg7 5. Nge2 O-O 6. d3 c6 7. O-O d5 8. exd5 cxd5 9. d4 e4 10. Bg5 h6 11. Bxf6 Bxf6 12. Nf4 Be6 13. Nxe6 fxe6 14. Qg4 Qe8 15. Ne2 h5 16. Qh3 Nc6 17. c3 Bg5 18. f3 e3 19. f4 Bf6 20. Rae1 Na5 21. Nc1 Nc4 22. b3 Nd2 23. Rxe3 Nxf1 24. Rxe6 Qd8 25. f5 Nd2 26. fxg6 Ne4 27. Qxh5 Qd7 28. Nd3 Rfe8 29. Rxf6 Nxf6 30. Qg5 Ne4 31. Qh5 Nf6 32. Qg5 Ne4 33. Qh5 Nf6 1/2-1/2


[Site "https://www.chess.com"]

[Event "Titled Tuesday Blitz May 16 Late 2023"]
[White "Fishbein, Alexander"]
[Black "Kramnik, Vladimir"]
[WhiteFideId "2000377"]
[BlackFideId "4101588"]
[WhiteElo "2415"]
[BlackElo "2703"]
[Result "1-0"]
[Round "02"]
[TimeControl "180+2"]
[Date "2023.05.16"]
[WhiteClock "0:00:30"]
[BlackClock "0:00:00"]

1. e4 c5 2. Nf3 e6 3. d4 cxd4 4. Nxd4 a6 5. Nc3 d6 6. a4 Nc6 7. Be2 Nf6 8. Be3 Be7 9. O-O O-O 10. f4 Bd7 11. Nb3 Na5 12. e5 Ne8 13. Nxa5 Qxa5 14. Ne4 Qc7 15. a5 Bc6 16. Bb6 Qd7 17. Bf3 Bxe4 18. Bxe4 g6 19. c4 f5 20. Bf3 Rc8 21. exd6 Bxd6 22. c5 Rxc5 23. Bxc5 Bxc5+ 24. Kh1 Qe7 25. Qb3 Rf7 26. Rfe1 Ng7 27. Bd5 Rf6 28. Qxb7 Kf7 29. Qxe7+ Kxe7 30. Bc4 Bb4 31. Red1 Nh5 32. g3 e5 33. fxe5 Rc6 34. Rac1 Bxa5 35. Be2 Rxc1 36. Rxc1 Ng7 37. Bxa6 Ne6 38. Bc4 Nd4 39. Ra1 Bb6 40. Ra6 Bc5 41. Ra8 g5 42. Rh8 f4 43. gxf4 gxf4 44. Rxh7+ Kd8 45. e6 Be7 46. Rf7 f3 47. Bd5 Ke8 48. Bxf3 Nxe6 49. Bh5 Kd8 50. Bg4 Ng5 51. Rg7 Ne4 52. Kg2 Bf6 53. Rb7 Nc5 54. Rb5 Ne4 55. b3 Ke7 56. Rb7+ Kd6 57. Rb6+ Ke5 58. Re6+ Kf4 59. Bf3 1-0


[Site "https://www.chess.com"]

[Event "Titled Tuesday Blitz May 16 Late 2023"]
[White "Donchenko, Alexander"]
[Black "Adan Bermudez, Sergio"]
[WhiteFideId "24603295"]
[BlackFideId "2292726"]
[WhiteElo "2554"]
[BlackElo "2292"]
[Result "1-0"]
[Round "02"]
[TimeControl "180+2"]
[Date "2023.05.16"]
[WhiteClock "0:00:29"]
[BlackClock "0:00:04"]

1. e4 c5 2. Nf3 Nc6 3. Bb5 e5 4. O-O Bd6 5. c3 a6 6. Ba4 b5 7. Bc2 Nf6 8. d4 cxd4 9. cxd4 exd4 10. e5 Nxe5 11. Re1 Qc7 12. Bf4 Ng4 13. Nxe5 Nxe5 14. Bxe5 Bxe5 15. f4 d6 16. fxe5 dxe5 17. Be4 Rb8 18. Qh5 g6 19. Bc6+ Kf8 20. Qxe5 Qxe5 21. Rxe5 Rb6 22. Bf3 Kg7 23. Rd5 Bb7 24. Rxd4 Bxf3 25. gxf3 Re8 26. Nc3 b4 27. Ne4 f5 28. Rd7+ Kh6 29. Ng3 Rc6 30. Rad1 Rc2 31. R7d2 Rec8 32. Kf2 Kg5 33. Ne2 a5 34. b3 h5 35. Nd4 Rxd2+ 36. Rxd2 Rc1 37. Rc2 Ra1 38. Nc6 h4 39. Nxa5 h3 40. Nc6 Kh4 41. Rc4+ Kh5 42. Nxb4 g5 43. Kg3 Rg1+ 44. Kf2 Rg2+ 45. Kf1 Rxh2 46. Kg1 Rg2+ 47. Kh1 g4 48. fxg4+ fxg4 49. a4 g3 50. Nd3 Rh2+ 51. Kg1 Rg2+ 52. Kf1 Rd2 53. Nf4+ Kg4 54. Ne2+ Kf3 55. Rc3+ Kg4 56. Rxg3+ Kh4 57. Re3 Rd1+ 58. Kf2 h2 59. Ng3 Rg1 60. Nh1 Rxh1 61. Kg2 Rb1 62. Kxh2 Rb2+ 63. Kg1 Kg4 64. Kf1 Kf4 65. Rh3 Ke4 66. Ke1 Kd4 67. Kd1 Kc5 68. Kc1 Rg2 69. Rh4 Kb6 70. Rc4 Rf2 71. Rc2 Rf3 72. Kb2 Ka5 73. Ka3 Rg3 74. Rc5+ 1-0


[Site "https://www.chess.com"]

[Event "Titled Tuesday Blitz May 16 Late 2023"]
[White "Adla, Diego"]
[Black "Xiong, Jeffery"]
[WhiteFideId "100072"]
[BlackFideId "2047640"]
[WhiteElo "2377"]
[BlackElo "2726"]
[Result "0-1"]
[Round "02"]
[TimeControl "180+2"]
[Date "2023.05.16"]
[WhiteClock "0:00:30"]
[BlackClock "0:01:07"]

1. c4 e6 2. g3 d5 3. Bg2 d4 4. b4 a5 5. b5 Ne7 6. Nf3 Nf5 7. O-O Nd7 8. e4 dxe3 9. fxe3 Be7 10. d4 O-O 11. Nc3 c5 12. d5 Nb6 13. Qd3 exd5 14. cxd5 c4 15. Qe2 Nxd5 16. Nxd5 Qxd5 17. Kh1 Qxb5 18. e4 Nd6 19. Nd4 Qa6 20. Bb2 c3 21. Qxa6 Rxa6 22. Bxc3 Bf6 23. Rad1 b5 24. e5 Bxe5 25. Nxb5 Bxc3 26. Nxc3 Be6 27. a4 Nc4 28. Rfe1 Rd6 29. Rxd6 Nxd6 30. Re5 Nc4 31. Rc5 Rb8 32. h4 g6 33. Bc6 Rb3 34. Ne4 Kg7 35. Bb5 Ne3 36. Ng5 Bd5+ 37. Kg1 Rb2 0-1


[Site "https://www.chess.com"]

[Event "Titled Tuesday Blitz May 16 Late 2023"]
[White "Mekhitarian, Krikor Sevag"]
[Black "Wadsworth, Matthew J"]
[WhiteFideId "2107660"]
[BlackFideId "415804"]
[WhiteElo "2604"]
[BlackElo "2347"]
[Result "1-0"]
[Round "02"]
[TimeControl "180+2"]
[Date "2023.05.16"]
[WhiteClock "0:00:18"]
[BlackClock "0:00:00"]

1. Nf3 d5 2. c4 c6 3. d4 Nf6 4. e3 Bg4 5. h3 Bxf3 6. Qxf3 e6 7. Bd3 Nbd7 8. Nc3 Be7 9. g4 h6 10. Bd2 a6 11. cxd5 cxd5 12. Kf1 b5 13. h4 g6 14. Ne2 h5 15. g5 Nh7 16. Nf4 Nhf8 17. Rc1 Bd6 18. Kg2 Qb8 19. e4 dxe4 20. Bxe4 Ra7 21. Rhe1 Rc7 22. Rxc7 Qxc7 23. Rc1 Qb8 24. Rc6 Rh7 25. Rxa6 Nb6 26. Nd3 Nfd7 27. Ba5 Qc8 28. Rxb6 Nxb6 29. Bxb6 Kf8 30. Bxg6 Rg7 31. Be4 Kg8 32. Bc5 Bb8 33. Qxh5 f5 34. Bf3 Qc7 35. Ne5 1-0


[Site "https://www.chess.com"]

[Event "Titled Tuesday Blitz May 16 Late 2023"]
[White "Boor, Carl"]
[Black "Iturrizaga Bonelli, Eduardo"]
[WhiteFideId "2017008"]
[BlackFideId "3901211"]
[WhiteElo "2330"]
[BlackElo "2637"]
[Result "0-1"]
[Round "02"]
[TimeControl "180+2"]
[Date "2023.05.16"]
[WhiteClock "0:01:49"]
[BlackClock "0:02:33"]

1. d4 Nf6 2. c4 e6 3. Nc3 Bb4 4. Bd2 O-O 5. e3 b6 6. Nf3 Bb7 7. Bd3 c5 8. a3 Bxc3 9. Bxc3 Ne4 10. Rc1 d6 11. O-O Nd7 12. Qe2 f5 13. Ne1 Qh4 14. f3 Nef6 15. Qf2 Qh6 16. Nc2 Ne4 17. Ne1 Nxf2 0-1


[Site "https://www.chess.com"]

[Event "Titled Tuesday Blitz May 16 Late 2023"]
[White "Sattarov, Bobir"]
[Black "Saveliev, Alexei"]
[WhiteFideId "14203081"]
[BlackFideId "24128546"]
[WhiteElo "2351"]
[BlackElo "2271"]
[Result "0-1"]
[Round "02"]
[TimeControl "180+2"]
[Date "2023.05.16"]
[WhiteClock "0:00:01"]
[BlackClock "0:00:04"]

1. e4 g6 2. d4 Bg7 3. Nf3 d6 4. Nbd2 Nc6 5. c3 Nf6 6. Bd3 O-O 7. O-O Nd7 8. Re1 e5 9. Nb3 a5 10. a4 b6 11. h3 h6 12. Be3 Kh7 13. Qd2 Bb7 14. Rad1 Qe7 15. Bb1 Rae8 16. Nh2 Qd8 17. f4 exd4 18. cxd4 Nb4 19. d5 Nc5 20. Nxc5 bxc5 21. Nf3 c6 22. dxc6 Bxc6 23. Bf2 Bxa4 24. Rc1 Qb8 25. e5 dxe5 26. fxe5 Bxe5 27. Bxc5 Bf4 28. Qd4 Bxc1 29. Rxc1 Rd8 30. Qh4 Rfe8 31. Ng5+ Kg7 32. Bd4+ Rxd4 33. Qxd4+ Qe5 34. Qxe5+ Rxe5 35. Nf3 Re2 36. b3 Bxb3 37. Nd4 Rb2 38. Be4 Bd5 39. Bxd5 Nxd5 40. g3 a4 41. Rc5 a3 42. Rxd5 a2 43. Ra5 Rb1+ 44. Kf2 a1=Q 45. Rxa1 Rxa1 46. h4 Ra3 47. Nb5 Ra5 48. Nd6 f5 49. Nc4 Ra4 50. Ne3 Kf6 51. Nd5+ Ke5 52. Ne7 Ra6 53. Kf3 Re6 54. Ng8 g5 55. hxg5 hxg5 56. Ke3 g4 57. Kf2 Kd6 58. Kg2 Rg6 0-1


[Site "https://www.chess.com"]

[Event "Titled Tuesday Blitz May 16 Late 2023"]
[White "Bazeev, German"]
[Black "Al-Tarboush, Ward"]
[WhiteFideId "24119350"]
[BlackFideId "7601450"]
[WhiteElo "2466"]
[BlackElo "2265"]
[Result "1/2-1/2"]
[Round "02"]
[TimeControl "180+2"]
[Date "2023.05.16"]
[WhiteClock "0:00:14"]
[BlackClock "0:00:12"]

1. c4 Nf6 2. Nc3 e5 3. Nf3 d6 4. d4 Nc6 5. Bg5 h6 6. Bh4 g5 7. Bg3 e4 8. Nd2 Nxd4 9. e3 Nf5 10. Ndxe4 Nxe4 11. Nxe4 Bg7 12. Qc2 O-O 13. Bd3 Nxg3 14. Nxg3 Qf6 15. Rb1 Qe5 16. Bf5 Qa5+ 17. b4 Qe5 18. O-O Be6 19. a4 b6 20. Rfd1 a5 21. b5 Rae8 22. e4 Qc3 23. Qxc3 Bxc3 24. Rd5 Bxd5 25. cxd5 Bd4 26. Nh5 f6 27. g3 Bc5 28. Kg2 Re5 29. f4 Rxf5 30. exf5 Kf7 31. Re1 Bd4 32. Kf3 Rg8 33. g4 Rf8 34. Re6 Rh8 35. Re4 Bc5 36. Kg3 Rg8 37. h4 Bb4 38. Re2 Bc5 39. Re6 Bd4 40. Kf3 gxh4 41. Re4 Bc5 42. Re2 Bd4 43. Rd2 Bc5 44. Rh2 Re8 45. Re2 Rxe2 46. Kxe2 Bb4 47. Kf3 Be1 48. Kg2 Bd2 49. Kf2 Bc3 50. Kg2 Be1 51. Kh3 Bf2 52. Kh2 Be3 53. Kh3 Bf2 54. Kg2 Be1 55. Kh2 Bf2 56. Kg2 Be1 1/2-1/2


[Site "https://www.chess.com"]

[Event "Titled Tuesday Blitz May 16 Late 2023"]
[White "Ismagilov, Damir"]
[Black "Sviridov, Valery"]
[WhiteFideId "34199982"]
[BlackFideId "4120680"]
[WhiteElo "2143"]
[BlackElo "2457"]
[Result "0-1"]
[Round "02"]
[TimeControl "180+2"]
[Date "2023.05.16"]
[WhiteClock "0:01:54"]
[BlackClock "0:02:32"]

1. f4 d5 2. Nf3 Nf6 3. b3 Bf5 4. e3 e6 5. Bb2 h6 6. d3 Bh7 7. Nbd2 Bc5 8. d4 Bd6 9. Bd3 Bf5 10. O-O Nbd7 11. c4 Bxd3 12. Re1 c6 13. c5 Bc7 14. Ne5 Bxe5 15. fxe5 Ne4 16. Nf3 Ba6 17. Qc2 O-O 18. a4 f5 19. g3 g5 20. Qg2 Qe8 21. h4 Qh5 22. hxg5 hxg5 23. Nh2 g4 24. Nf1 Rf7 25. Nd2 Nxd2 26. Qxd2 Rh7 27. Qg2 Kf7 28. Kf2 Rah8 29. Rg1 Qh2 30. Bc3 Qxg2+ 31. Rxg2 Nf8 32. Ba5 Rh1 33. Rxh1 Rxh1 34. Rg1 Rh2+ 35. Rg2 Rh3 36. Bd8 Nh7 37. Kg1 Kg6 38. Kf2 Ng5 39. Bxg5 Kxg5 40. b4 Bd3 41. Rg1 Be4 42. b5 Rh2+ 43. Ke1 Ra2 44. Rh1 Bxh1 0-1


[Site "https://www.chess.com"]

[Event "Titled Tuesday Blitz May 16 Late 2023"]
[White "Kravtsiv, Martyn"]
[Black "Hnydiuk, Aleksander"]
[WhiteFideId "14113147"]
[BlackFideId "1109057"]
[WhiteElo "2695"]
[BlackElo "2374"]
[Result "1-0"]
[Round "02"]
[TimeControl "180+2"]
[Date "2023.05.16"]
[WhiteClock "0:01:49"]
[BlackClock "0:00:15"]

1. e4 Nf6 2. Nc3 e5 3. Nf3 Nc6 4. a4 d5 5. exd5 Nxd5 6. Bb5 Nxc3 7. bxc3 Bd6 8. O-O O-O 9. d4 exd4 10. cxd4 h6 11. c3 Qf6 12. a5 a6 13. Bd3 Bf5 14. Be3 Rfe8 15. Bxf5 Qxf5 16. Qb1 Qb5 17. Qa2 Ne7 18. c4 Qh5 19. c5 Bxh2+ 20. Nxh2 Nf5 21. Rab1 Re4 22. Qd5 Rh4 23. g4 Nxe3 24. Qxh5 Rxh5 25. gxh5 Nxf1 26. Nxf1 Rd8 27. Rxb7 Rxd4 28. Rxc7 Ra4 29. c6 Rxa5 30. Rd7 Rc5 31. c7 Kh7 32. Ne3 a5 33. Nd5 a4 34. Rd8 a3 35. c8=Q Rxc8 36. Rxc8 1-0


[Site "https://www.chess.com"]

[Event "Titled Tuesday Blitz May 16 Late 2023"]
[White "Bernabeu Lopez, Carlos Javier"]
[Black "Suyarov, Mukhammadzokhid"]
[WhiteFideId "2235366"]
[BlackFideId "14210495"]
[WhiteElo "2344"]
[BlackElo "2361"]
[Result "0-1"]
[Round "02"]
[TimeControl "180+2"]
[Date "2023.05.16"]
[WhiteClock "0:01:45"]
[BlackClock "0:01:33"]

1. e4 e6 2. d4 d5 3. Nd2 h6 4. Ngf3 Nf6 5. e5 Nfd7 6. Bd3 c5 7. c3 Nc6 8. O-O g5 9. dxc5 Bg7 10. Re1 Nxc5 11. Bb5 Nd7 12. Nb3 O-O 13. Bxc6 bxc6 14. Be3 Qc7 15. Qd2 c5 16. h4 g4 17. Nh2 h5 18. f3 Nxe5 19. Bh6 gxf3 20. Bxg7 Kxg7 21. Qg5+ Ng6 22. Nxf3 c4 23. Nbd4 Qf4 24. Qxh5 Rh8 25. Qg5 Rxh4 26. Qxf4 Rxf4 27. b3 Ba6 28. b4 Re4 29. a4 Bb7 30. Ng5 Rxe1+ 31. Rxe1 Kf6 32. Ngxe6 fxe6 33. Rxe6+ Kf7 34. Rd6 Re8 35. Nb5 a6 36. Rd7+ Ke6 37. Rxb7 axb5 38. Rb6+ Kf5 39. Rxb5 Nf4 40. a5 Ne2+ 41. Kf2 Nxc3 42. Rc5 Ne4+ 43. Kf3 Nxc5 44. bxc5 c3 0-1


[Site "https://www.chess.com"]

[Event "Titled Tuesday Blitz May 16 Late 2023"]
[White "Pakleza, Zbigniew"]
[Black "Denishev, Marat"]
[WhiteFideId "1119290"]
[BlackFideId "24131563"]
[WhiteElo "2410"]
[BlackElo "2311"]
[Result "1-0"]
[Round "02"]
[TimeControl "180+2"]
[Date "2023.05.16"]
[WhiteClock "0:00:40"]
[BlackClock "0:00:00"]

1. d4 Nf6 2. Nf3 e6 3. Bf4 d5 4. e3 Bd6 5. Bg3 O-O 6. Nbd2 c5 7. c3 Qc7 8. Be2 Nbd7 9. c4 cxd4 10. Nxd4 Bxg3 11. hxg3 b6 12. Rc1 Qb7 13. cxd5 Nxd5 14. O-O Ne5 15. N2f3 Ng6 16. e4 Nf6 17. e5 Nd5 18. Bd3 Bd7 19. Bxg6 hxg6 20. Ng5 Rfe8 21. Qg4 f6 22. exf6 Nxf6 23. Qh4 Nh5 24. Rfe1 e5 25. Ndf3 Rac8 26. Rcd1 Bc6 27. Nxe5 Rcd8 28. Nxg6 Rxd1 29. Rxd1 1-0


[Site "https://www.chess.com"]

[Event "Titled Tuesday Blitz May 16 Late 2023"]
[White "Omranalhosani21"]
[Black "Rodshtein, Maxim"]
[BlackFideId "2806851"]
[WhiteElo "2579"]
[BlackElo "2555"]
[Result "0-1"]
[Round "02"]
[TimeControl "180+2"]
[Date "2023.05.16"]
[WhiteClock "0:00:06"]
[BlackClock "0:00:18"]

1. d4 Nf6 2. c4 e6 3. Nc3 d5 4. Nf3 Nbd7 5. Bg5 h6 6. Bh4 Be7 7. e3 O-O 8. Bd3 dxc4 9. Bxc4 a6 10. O-O b5 11. Bd3 Bb7 12. Qc2 c5 13. dxc5 Nxc5 14. Be2 Qb6 15. a3 Rfc8 16. Rfd1 Nce4 17. Nd4 Rc5 18. Qb3 Nxc3 19. bxc3 Bd5 20. Qb2 Qc7 21. a4 bxa4 22. Rxa4 a5 23. Bg3 Qc8 24. Qa1 Ne4 25. Nb5 Bf6 26. Rxa5 Rxa5 27. Qxa5 Nxc3 28. Re1 Nxe2+ 29. Rxe2 Rxb5 30. Qxb5 Qc1+ 31. Re1 Qxe1+ 32. Qf1 Qxf1+ 33. Kxf1 e5 34. f3 e4 35. f4 Bc4+ 36. Kf2 g6 37. h3 Kg7 38. Bh2 Bc3 39. g4 f6 40. Kg3 f5 41. Bg1 Be1+ 42. Kg2 Be2 43. gxf5 gxf5 44. Kh2 Kg6 45. Kg2 Kf6 46. Kh2 Ke6 47. Kg2 h5 48. Kh2 Kd5 49. Kg2 Kc4 50. Kh2 Kd3 51. Kg2 h4 52. Kh2 Bg3+ 53. Kg2 Kd2 0-1


[Site "https://www.chess.com"]

[Event "Titled Tuesday Blitz May 16 Late 2023"]
[White "Krzyzanowski, Marcin"]
[Black "Moore, Nicholas"]
[WhiteFideId "1132199"]
[BlackFideId "4303709"]
[WhiteElo "2471"]
[BlackElo "2575"]
[Result "1-0"]
[Round "02"]
[TimeControl "180+2"]
[Date "2023.05.16"]
[WhiteClock "0:00:40"]
[BlackClock "0:00:06"]

1. Nf3 d5 2. c4 c6 3. g3 Nf6 4. Bg2 dxc4 5. a4 a5 6. O-O g6 7. Na3 Bg7 8. Nxc4 O-O 9. d3 Na6 10. Be3 Nd5 11. Bd4 Bxd4 12. Nxd4 Nf6 13. Nc2 Be6 14. Ne5 Qd6 15. Nf3 Rfd8 16. Qd2 Nc5 17. Ra3 Kg7 18. Ncd4 Bg4 19. Rc1 e5 20. Nb3 Nxb3 21. Rxb3 Rd7 22. Qc3 Bxf3 23. Bxf3 Nd5 24. Qc5 Qxc5 25. Rxc5 f6 26. Bxd5 cxd5 27. Rbb5 d4 28. Rxa5 Rxa5 29. Rxa5 Rc7 30. Rb5 Kf7 31. Kg2 Ke6 32. f4 exf4 33. gxf4 Kd7 34. Rb6 f5 35. Kf3 Kc8 36. h4 Re7 37. h5 gxh5 38. Rh6 Re3+ 39. Kf2 Re7 40. Rxh5 Kc7 41. Rxf5 Kb6 42. Rd5 Rf7 43. Rxd4 Kc5 44. Rc4+ Kd5 45. e4+ Kd6 46. f5 Ke5 47. Ke3 Rd7 48. d4+ Kf6 49. Kf4 Rd8 50. e5+ 1-0


[Site "https://www.chess.com"]

[Event "Titled Tuesday Blitz May 16 Late 2023"]
[White "Sargsyan, Anna M."]
[Black "Sokolovsky, Yahli"]
[WhiteFideId "13308130"]
[BlackFideId "2820242"]
[WhiteElo "2284"]
[BlackElo "2389"]
[Result "1-0"]
[Round "02"]
[TimeControl "180+2"]
[Date "2023.05.16"]
[WhiteClock "0:00:16"]
[BlackClock "0:00:15"]

1. d4 d5 2. c4 e6 3. Nf3 c6 4. e3 f5 5. Qc2 Nf6 6. Nc3 Ne4 7. Ne5 Nd7 8. Nxd7 Bxd7 9. f3 Qh4+ 10. g3 Nxg3 11. Qf2 f4 12. e4 Be7 13. Rg1 Nxf1 14. Qxh4 Bxh4+ 15. Kxf1 O-O 16. Rg4 g5 17. e5 Be8 18. Ke2 Bg6 19. Bd2 dxc4 20. Rag1 Rad8 21. Ne4 Bxe4 22. Rxh4 Bd3+ 23. Kf2 Rxd4 24. Rxg5+ Bg6 25. Bc3 Rd1 26. Rgg4 Rh1 27. Kg2 Ra1 28. a3 Rd8 29. Rxf4 Rdd1 30. Rd4 Rg1+ 31. Kf2 Raf1+ 32. Ke3 Rd1 33. Rxd1 Rxd1 34. Rxc4 Rd3+ 35. Kf4 Bh5 36. Kg5 Bxf3 37. Rd4 Rxd4 38. Bxd4 a6 39. Kf6 Bg4 40. Bc5 Bf5 41. h4 Bg4 42. a4 a5 43. Bb6 Kf8 44. Bxa5 Ke8 45. Bb6 Kd7 46. a5 h5 47. b4 Bf5 48. Bc5 Kc7 49. Bb6+ Kc8 50. Bc5 Kd7 51. Bb6 Bg4 52. Bc5 Bh3 53. Bb6 Bg2 54. Bc5 Bf1 55. Bb6 Be2 56. Bc5 Kc7 57. Bb6+ Kb8 58. Bc5 Bg4 59. Bd6+ Ka7 60. Bc5+ Ka6 61. Bd6 Kb5 62. Bc5 Ka6 63. Bd6 Bf5 64. Bc5 Bh3 65. Bd6 Bg4 66. Kg5 Bf5 67. Kxh5 b6 68. axb6 Kxb6 69. Kg5 Kb5 70. h5 Be4 71. h6 Bf5 72. Kf6 c5 73. bxc5 Kc6 74. Kg7 Kd7 75. h7 Bxh7 76. Kxh7 Kc6 77. Kg6 Kd5 78. Kf7 1-0


[Site "https://www.chess.com"]